 Dungeon Crawl Stone Soup version 0.31-a0-963-ga325b2283a (webtiles) character file.

Game seed: 11288730689805624324

56 LeprechaunX the Changeling (level 3, -3/24 HPs)
             Began as an Octopode Shapeshifter on Oct 24, 2023.
             Slain by a gnoll
             ... wielding a +0 whip
              (4 damage)
             ... on level 2 of the Dungeon.
             The game lasted 00:01:18 (968 turns).

LeprechaunX the Changeling (Octopode Shapeshifter)   Turns: 968, Time: 00:01:18

Health: -3/24      AC:  1    Str: 15    XL:     3   Next: 97%
Magic:  3/3        EV: 13    Int: 12    God:
Gold:   55         SH:  0    Dex: 11    Spells: 2/2 levels left

rFire   . .          .
                       - Unarmed
rCold   . . .        (no shield)
rNeg    . . .        (helmet currently unavailable)
rPois   .            (no amulet)
rElec   .            (no ring)
rCorr   .            (no ring)
SInv    .            (no ring)
Will    .....        (no ring)
Stlth   ++           (no ring)
HPRegen 0.24/turn    (no ring)
MPRegen 0.08/turn    (no ring)
                     (no ring)

%: no passive effects
@: beast-form
A: beast (slay +2), almost no armour, amphibious, 8 rings, camouflage 1,
gelatinous body 1, (nimble swimmer 1), tentacles
a: Begin Untransformation


You were on level 2 of the Dungeon.
You were a hulking beast.
You visited 1 branch of the dungeon, and saw 2 of its levels.

You collected 55 gold pieces.

Inventory:

Talismans
 b - a beast talisman
 c - a flux talisman
Scrolls
 d - a scroll of teleportation {unknown}
 e - 2 scrolls of identify {unknown}
Potions
 a - a potion of lignification
 f - a potion of curing {unknown}


   Skills:
 + Level 1.9 Fighting
 - Level 2.0 Dodging
 + Level 3.4 Unarmed Combat
 * Level 3.8 Shapeshifting


You had 2 spell levels left.
You didn't know any spells.
Your spell library contained the following spells:

 Spells                   Type           Power      Damage    Failure   Level
 Cigotuvi's Dreadful Rot  Necr/Pois/Air  0%         N/A       45%         2
 Ignite Poison            Fire/Tmut/Pois 0%         N/A       69%         3
 Freezing Cloud           Conj/Ice/Air   0%         6-21      100%        5


Dungeon Overview and Level Annotations

Branches:
Dungeon (2/15)

Altars:


Innate Abilities, Weirdness & Mutations

You are a hulking beast.
Your limbs bulge with bestial killing power. (Slay +2)
You cannot wear most types of armour.
You are amphibious.
You can wear up to eight rings at the same time.
Your skin changes colour to match your surroundings (Stealth+).
Your rubbery body absorbs attacks. (AC +1, EV +1)
((You are camouflaged when in or above water. (Stealth+)))
You have tentacles for arms and can constrict up to eight enemies at once.


Message History

You climb upwards.
There is a stone staircase leading down here.
You bludgeon the gnoll! You grab the gnoll.
The gnoll is heavily wounded.
You constrict the gnoll. The adder bites you.
The gnoll hits you with a +0 flail.
You bludgeon the adder!
You kill the adder!
You constrict the gnoll, but do no damage.
You tentacle-slap the gnoll.
You kill the gnoll!
You start resting.
HP restored.
You climb downwards.
The gnoll throws a throwing net.
The throwing net hits you.
You become entangled in the net!
There is a stone staircase leading up here.
You see here a throwing net.
You struggle against the net.
The jackal bites you.
Unknown command.
You struggle against the net.
The jackal barely misses you. The jackal bites you.
You struggle against the net.
The jackal barely misses you. The gnoll hits you with a +0 whip.
You rip the net and break free!
The jackal bites you but does no damage.
The gnoll hits you with a +0 whip!
* * * LOW HITPOINT WARNING * * *
The jackal closely misses you.
Unknown command.
You tentacle-slap the gnoll. Your grab misses the gnoll.
The gnoll is moderately wounded.
The jackal bites you.
* * * LOW HITPOINT WARNING * * *
The gnoll hits you with a +0 whip.
* * * LOW HITPOINT WARNING * * *
Unknown command.
The jackal bites you.
* * * LOW HITPOINT WARNING * * *
The gnoll hits you with a +0 whip.
You die...

.. ##.w###
###
...ggBh###..
#h#.# ##g#
#.##.##.##
...ggg...#
.####....#
#....#
#.....
####... ....


You could see a worm, 3 gnolls, a jackal and a giant cockroach.

Vanquished Creatures
  2 gnolls (D:1)
  An adder (D:1)
  A dart slug (D:1)
  A ball python (D:1)
  4 endoplasms (D:1)
  2 giant cockroaches (D:1)
  3 hobgoblins (D:1)
  3 jackals (D:1)
  A kobold (D:1)
  3 bats (D:1)
  A frilled lizard (D:1)
  A goblin (D:1)
  A rat (D:1)
24 creatures vanquished.

Notes
Turn   | Place    | Note
-------+----------+-------------------------------------------
     0 | D:1      | LeprechaunX the Octopode Shapeshifter began the quest for
                  | the Orb.
     0 | D:1      | Reached XP level 1. HP: 13/13 MP: 1/1
    99 | D:1      | Reached XP level 2. HP: 17/18 MP: 2/2
   453 | D:1      | Reached XP level 3. HP: 23/23 MP: 3/3
   725 | D:1      | Found a faded altar of an unknown god.
   968 | D:2      | HP: 1/24 [jackal (3)]
   968 | D:2      | Slain by a gnoll

Illustrated notes

Levels and vault maps discovered:
D:1:      minmay_arrival_stone_box, layout_loops_cross,
          dreamdust_ecumenical_altar_hidden_monk_grotto, nicolae_hexahallways,
          nicolae_concentric_dashed_squares_wild
D:2:      layout_loops_ring, minivault_24, hangedman_decor_points,
          minmay_statues_item

Action                     || total
---------------------------++-------
  Melee: Unarmed           ||    48
         Tentacles         ||    11
         Constrict         ||    10
   Stab: Sleeping          ||     4
 Armour: Skin              ||    26
  Dodge: Dodged            ||    24

Table legend: (Time is in decaauts)
 A = Elapsed time spent in this place.
 B = Non-inter-level travel time spent in this place.
 C = Inter-level travel time spent in this place.
 D = Time resting spent in this place.
 E = Time spent auto-exploring this place.
 F = Levels seen in this place.
 G = Mean time per level.
                   A        B        C        D        E       F      G
               +--------+--------+--------+--------+--------+-----+--------+
         Total |    966 |    909 |     57 |     19 |    751 |   2 |  483.0 |
       Dungeon |    966 |    909 |     57 |     19 |    751 |   2 |  483.0 |
               +--------+--------+--------+--------+--------+-----+--------+

Top non-repeatable levels by time:
     D:1: 950 daAuts
     D:2: 16 daAuts
